Connexion

Marlies vs Admirals

Created - 9 janvier 2024 at 05:49

Goals
1 2 3 T
Marlies 1 1 1 3
Admirals 4 0 3 7
Shots
1 2 3 T
Marlies 14 11 13 38
Admirals 13 9 17 39

GoalsPenalties
1st period
1. Admirals , David Kampf 15 (Kevin Stenlund 29, Guillaume Brisebois 27) at 3:38
2. Admirals , Kevin Stenlund 29 (CJ Suess 27, Guillaume Brisebois 28) at 4:25
3. Admirals , CJ Suess 26 (David Kampf 33, Cam Dineen 21) at 10:14
4. Marlies , Tyler Lewington 6 (Victor Ejdsell 12, Mathias Brome 14) at 15:49
5. Admirals , Joseph Cramarossa 22 (Paul Thompson 33, Garrett Pilon 21) at 19:50
Tim Schaller (TOR) for Tripping (Minor) at 7:19
CJ Suess (MIL) for High sticking (Minor) at 13:42
2nd period
6. Marlies , Tim Schaller 18 (Calvin De Haan 33, Dominik Simon 23) at 2:03
Nick Ebert (MIL) for Holding (Minor) at 10:20
3rd period
7. Admirals , Garrett Wilson 22 (Nick Ebert 23, Oskar Steen 23) at 6:24
8. Admirals , William Bitten 18 (Garrett Wilson 25, Oskar Steen 24) at 18:09
9. Admirals , Jeremy Roy 1 (CJ Suess 28, Dominic Turgeon 4) at 18:17
10. Marlies , Dominik Simon 22 (Tim Schaller 26, Cal O'Reilly 30) at 18:51
Kristians Rubins (MIL) for High sticking (Minor) at 7:14
Kristians Rubins (MIL) for Delaying the game (Minor) at 10:17
Goalie Stats
Daniel Mannella (TOR), 23 saves from 26 shots - (0,885), 40:10 minutes
Erik Kallgren (TOR), 9 saves from 13 shots - (0,692), L, 16-16-1, 19:50 minutes
Michael McNiven (MIL), 35 saves from 38 shots - (0,921), W, 10-5-1, 60:00 minutes
3 StarsOfficial
1 - Kevin Stenlund (MIL)
2 - CJ Suess (MIL)
3 - David Kampf (MIL)
Referees : Gord Dwyer and Eric Furlatt
Linesman : Dan Schachte and Tony Sericolo
Game Note
Daniel Mannella enters game at 19:50 of 1st period
Cam Dineen is injured at 0:34 of 2nd period (Sprained Left Ankle)
David Kampf is injured at 6:43 of 3rd period (Broken Bone (Right Arm))
Finance
Level 1 -- Attendance: 2000 (100,00%) -- Ticket Income $70,000
Level 2 -- Attendance: 1000 (100,00%) -- Ticket Income $15,000
Total Attendance: 3000 (100,00%)
Total Ticket Income: $85,000
Other Income: $17,000
Total Income: $102,000



Team Name Goals Shots Shots Attemp Shots Blocked PIM HIT PP PK FO%
Marlies 3386882200 / 4 (0%)044%
Admirals 7397968260 / 1 (0%)056%

Marlies
Player Name POS G A P +/- PIM HIT SHT SB MP PP MP PP SHT PK MP PK SHT FO% FOT
Cal O'ReillyC011-1018024:263:3821:16064% 25
Calvin De HaanD011-2054123:493:4431:0510% 0
Dominik SimonC/LW/RW1121012019:523:3801:16033% 6
Dylan BlujusD000-2000123:493:4401:0500% 0
Grant BesseLW/RW0000001014:160:0000:000100% 1
Ian McCoshenD000-2011220:544:1200:5400% 0
Josh WesleyD000-2001220:544:1200:5400% 0
Kristian VesalainenLW/RW000-3026020:354:1800:0000% 1
Loui ErikssonLW/RW000-3002020:354:1800:00050% 2
Mathias Brome LW0110001014:590:0000:43050% 2
Max McCormickC/LW000-3042121:184:1810:43039% 33
Mitchell HeardC000-201004:340:0000:00017% 6
Skyler McKenzieLW000-200104:340:0000:0000% 0
Tim McGauleyC000000000:000:0000:0000% 0
Tim SchallerC/LW/RW1121205018:353:3800:000100% 1
Tyler LewingtonD1010021115:170:0000:0000% 0
Victor EjdsellC0110022014:160:0000:00025% 12
Yegor RykovD0000011015:170:0000:0000% 0
Admirals
Player Name POS G A P +/- PIM HIT SHT SB MP PP MP PP SHT PK MP PK SHT FO% FOT
Cam DineenD011101118:390:5111:0000% 0
CJ SuessLW1234216017:431:0800:3400% 2
David KampfC/RW1123004014:391:0800:000100% 1
Dominic TurgeonC011100102:310:0000:0000% 0
Garrett PilonC011-1003016:120:0000:54038% 16
Garrett WilsonLW1121035023:560:5104:200100% 3
Guillaume BriseboisD0221000123:211:0802:5600% 0
Jeremy RoyD1013022316:470:0003:2400% 0
John QuennevilleC000000000:000:0000:0000% 0
Joseph CramarossaC/LW101-1032015:380:0000:200100% 1
Kevin StenlundC1124023020:021:0802:52069% 26
Kristians RubinsD0001470121:081:0801:5800% 0
Mike ReillyD0000032027:440:5104:2700% 0
Nick CousinsC/LW/RW000100002:460:0000:0000% 1
Nick EbertD0111213019:580:0001:3400% 0
Oskar SteenC0221002023:580:5104:22054% 35
Paul ThompsonRW011-1022015:280:0000:100100% 1
William BittenRW1011013021:300:5102:53033% 3



Play-by-Play

1st period


0:01 of 1st period - Cal O'Reilly wins face-off versus Oskar Steen in neutral zone.
0:10 of 1st period - Shot by Dominik Simon.
0:10 of 1st period - Stopped by Michael McNiven without a rebound.
0:11 of 1st period - Max McCormick wins face-off versus Kevin Stenlund in Admirals zone.
0:55 of 1st period - David Kampf is hit by Max McCormick and loses puck.
1:16 of 1st period - Off-side.
1:17 of 1st period - Tim Schaller wins face-off versus Garrett Pilon in neutral zone.
1:42 of 1st period - Icing by Nick Ebert.
1:43 of 1st period - Joseph Cramarossa wins face-off versus Victor Ejdsell in Admirals zone.
2:12 of 1st period - Icing by Jeremy Roy.
2:13 of 1st period - Cal O'Reilly wins face-off versus Garrett Pilon in Admirals zone.
2:25 of 1st period - Shot by Dominik Simon.
2:25 of 1st period - Shot Blocked by Jeremy Roy.
2:27 of 1st period - Shot by Calvin De Haan.
2:27 of 1st period - Shot Blocked by Jeremy Roy.
2:29 of 1st period - Shot by Cal O'Reilly.
2:29 of 1st period - Stopped by Michael McNiven without a rebound.
2:30 of 1st period - Oskar Steen wins face-off versus Max McCormick in Admirals zone.
2:32 of 1st period - William Bitten is hit by Kristian Vesalainen.
2:33 of 1st period - Off-side.
2:34 of 1st period - Mitchell Heard wins face-off versus Oskar Steen in neutral zone.
3:36 of 1st period - Shot by Kevin Stenlund.
3:36 of 1st period - Shot Misses the Net.
3:38 of 1st period - Shot by David Kampf.
3:38 of 1st period - Goal by David Kampf - Marlies : 0 - Admirals : 1.
3:39 of 1st period - Grant Besse wins face-off versus Garrett Pilon in neutral zone.
3:52 of 1st period - Mathias Brome is hit by Joseph Cramarossa and loses puck.
4:09 of 1st period - Shot by Paul Thompson.
4:09 of 1st period - Shot Misses the Net.
4:11 of 1st period - Shot by Jeremy Roy.
4:11 of 1st period - Stopped by Erik Kallgren with a rebound.
4:13 of 1st period - Shot by Nick Ebert.
4:13 of 1st period - Stopped by Erik Kallgren without a rebound.
4:14 of 1st period - Kevin Stenlund wins face-off versus Max McCormick in Marlies zone.
4:17 of 1st period - Shot by David Kampf.
4:17 of 1st period - Shot Misses the Net.
4:19 of 1st period - Shot by Kevin Stenlund.
4:19 of 1st period - Shot Misses the Net.
4:21 of 1st period - Shot by Guillaume Brisebois.
4:21 of 1st period - Shot Misses the Net.
4:23 of 1st period - Shot by CJ Suess.
4:23 of 1st period - Shot Misses the Net.
4:25 of 1st period - Shot by Kevin Stenlund.
4:25 of 1st period - Goal by Kevin Stenlund - Marlies : 0 - Admirals : 2.
4:26 of 1st period - Oskar Steen wins face-off versus Max McCormick in neutral zone.
4:37 of 1st period - Shot by Josh Wesley.
4:37 of 1st period - Shot Blocked by Cam Dineen.
4:39 of 1st period - Shot by Ian McCoshen.
4:39 of 1st period - Stopped by Michael McNiven with a rebound.
4:57 of 1st period - Shot by Max McCormick.
4:57 of 1st period - Stopped by Michael McNiven with a rebound.
5:23 of 1st period - Shot by Tim Schaller.
5:23 of 1st period - Shot Misses the Net.
5:31 of 1st period - Shot by Cal O'Reilly.
5:31 of 1st period - Stopped by Michael McNiven with a rebound.
5:35 of 1st period - Shot by Tim Schaller.
5:35 of 1st period - Stopped by Michael McNiven with a rebound.
6:42 of 1st period - Icing by CJ Suess.
6:43 of 1st period - Kevin Stenlund wins face-off versus Max McCormick in Admirals zone.
6:50 of 1st period - Shot by CJ Suess.
6:50 of 1st period - Shot Misses the Net.
7:02 of 1st period - Shot by Loui Eriksson.
7:02 of 1st period - Stopped by Michael McNiven without a rebound.
7:03 of 1st period - Cal O'Reilly wins face-off versus Garrett Pilon in Admirals zone.
7:06 of 1st period - Shot by Cal O'Reilly.
7:06 of 1st period - Stopped by Michael McNiven without a rebound.
7:07 of 1st period - Cal O'Reilly wins face-off versus Garrett Pilon in Admirals zone.
7:19 of 1st period - Minor Penalty to Tim Schaller for Tripping.
7:20 of 1st period - David Kampf wins face-off versus Cal O'Reilly in Marlies zone.
7:27 of 1st period - Shot by Guillaume Brisebois.
7:27 of 1st period - Shot Blocked by Calvin De Haan.
7:45 of 1st period - Icing by Guillaume Brisebois.
7:46 of 1st period - Cal O'Reilly wins face-off versus Kevin Stenlund in Admirals zone.
8:07 of 1st period - Shot by Dominik Simon.
8:07 of 1st period - Shot Misses the Net.
8:09 of 1st period - Shot by Calvin De Haan.
8:09 of 1st period - Stopped by Michael McNiven with a rebound.
8:45 of 1st period - Shot by Mike Reilly.
8:45 of 1st period - Shot Misses the Net.
8:47 of 1st period - Shot by Oskar Steen.
8:47 of 1st period - Shot Blocked by Josh Wesley.
8:49 of 1st period - Shot by Garrett Wilson.
8:49 of 1st period - Deflect By Oskar Steen.
8:49 of 1st period - Shot Misses the Net.
8:51 of 1st period - Shot by Cam Dineen.
8:51 of 1st period - Stopped by Erik Kallgren without a rebound.
8:52 of 1st period - Cal O'Reilly wins face-off versus Oskar Steen in Marlies zone.
9:25 of 1st period - Loui Eriksson is hit by Joseph Cramarossa.
9:37 of 1st period - Garrett Pilon is hit by Kristian Vesalainen and loses puck.
10:01 of 1st period - Off-side.
10:02 of 1st period - Kevin Stenlund wins face-off versus Victor Ejdsell in neutral zone.
10:12 of 1st period - Shot by CJ Suess.
10:12 of 1st period - Shot Misses the Net.
10:14 of 1st period - Shot by CJ Suess.
10:14 of 1st period - Goal by CJ Suess - Marlies : 0 - Admirals : 3.
10:15 of 1st period - Garrett Wilson wins face-off versus Cal O'Reilly in neutral zone.
10:26 of 1st period - Shot by Dominik Simon.
10:26 of 1st period - Shot Misses the Net.
10:46 of 1st period - Shot by Cal O'Reilly.
10:46 of 1st period - Shot Blocked by Kristians Rubins.
11:17 of 1st period - Kristians Rubins is hit by Calvin De Haan and loses puck.
11:32 of 1st period - Shot by David Kampf.
11:32 of 1st period - Shot Misses the Net.
11:38 of 1st period - Shot by CJ Suess.
11:38 of 1st period - Shot Misses the Net.
11:43 of 1st period - CJ Suess is hit by Calvin De Haan and loses puck.
11:54 of 1st period - Shot by Mike Reilly.
11:54 of 1st period - Shot Blocked by Dylan Blujus.
11:58 of 1st period - Shot by Kevin Stenlund.
11:58 of 1st period - Stopped by Erik Kallgren with a rebound.
12:00 of 1st period - Shot by David Kampf.
12:00 of 1st period - Stopped by Erik Kallgren without a rebound.
12:01 of 1st period - Garrett Pilon wins face-off versus Max McCormick in Marlies zone.
12:10 of 1st period - Jeremy Roy is hit by Max McCormick and loses puck.
12:18 of 1st period - Icing by Jeremy Roy.
12:19 of 1st period - Garrett Pilon wins face-off versus Mitchell Heard in Admirals zone.
12:24 of 1st period - Shot by Paul Thompson.
12:24 of 1st period - Shot Misses the Net.
12:46 of 1st period - Shot by Cal O'Reilly.
12:46 of 1st period - Deflect By Skyler McKenzie.
12:46 of 1st period - Stopped by Michael McNiven without a rebound.
12:47 of 1st period - Max McCormick wins face-off versus Kevin Stenlund in Admirals zone.
12:51 of 1st period - Icing by Cam Dineen.
12:52 of 1st period - Max McCormick wins face-off versus Kevin Stenlund in Admirals zone.
12:55 of 1st period - Shot by Kristian Vesalainen.
12:55 of 1st period - Stopped by Michael McNiven without a rebound.
12:56 of 1st period - Dominik Simon wins face-off versus Nick Cousins in Admirals zone.
13:42 of 1st period - Minor Penalty to CJ Suess for High sticking.
13:43 of 1st period - Garrett Wilson wins face-off versus Loui Eriksson in Admirals zone.
14:45 of 1st period - Icing by Max McCormick.
14:46 of 1st period - Loui Eriksson wins face-off versus Oskar Steen in Marlies zone.
14:55 of 1st period - Icing by Max McCormick.
14:56 of 1st period - Max McCormick wins face-off versus Oskar Steen in Marlies zone.
15:13 of 1st period - Icing by Calvin De Haan.
15:14 of 1st period - Oskar Steen wins face-off versus Dominik Simon in Marlies zone.
15:23 of 1st period - Shot by Calvin De Haan.
15:23 of 1st period - Stopped by Michael McNiven without a rebound.
15:24 of 1st period - Cal O'Reilly wins face-off versus William Bitten in Admirals zone.
15:44 of 1st period - Mathias Brome is hit by Kristians Rubins and loses puck.
15:49 of 1st period - Shot by Tyler Lewington.
15:49 of 1st period - Goal by Tyler Lewington - Marlies : 1 - Admirals : 3.
15:50 of 1st period - Garrett Pilon wins face-off versus Victor Ejdsell in neutral zone.
17:28 of 1st period - Shot by Garrett Wilson.
17:28 of 1st period - Shot Misses the Net.
17:30 of 1st period - Shot by Garrett Wilson.
17:30 of 1st period - Stopped by Erik Kallgren without a rebound.
17:31 of 1st period - Kevin Stenlund wins face-off versus Max McCormick in Marlies zone.
17:40 of 1st period - Shot by CJ Suess.
17:40 of 1st period - Stopped by Erik Kallgren without a rebound.
17:41 of 1st period - Kevin Stenlund wins face-off versus Max McCormick in Marlies zone.
17:57 of 1st period - Josh Wesley is hit by Kevin Stenlund and loses puck.
18:04 of 1st period - Shot by Kristian Vesalainen.
18:04 of 1st period - Stopped by Michael McNiven without a rebound.
18:05 of 1st period - Oskar Steen wins face-off versus Victor Ejdsell in Admirals zone.
18:43 of 1st period - Shot by Garrett Wilson.
18:43 of 1st period - Shot Misses the Net.
18:45 of 1st period - Shot by William Bitten.
18:45 of 1st period - Stopped by Erik Kallgren with a rebound.
18:47 of 1st period - Shot by Oskar Steen.
18:47 of 1st period - Shot Misses the Net.
19:13 of 1st period - Yegor Rykov is hit by Kristians Rubins and loses puck.
19:29 of 1st period - Off-side.
19:30 of 1st period - Garrett Pilon wins face-off versus Cal O'Reilly in neutral zone.
19:46 of 1st period - Shot by Garrett Pilon.
19:46 of 1st period - Stopped by Erik Kallgren with a rebound.
19:48 of 1st period - Shot by Paul Thompson.
19:48 of 1st period - Shot Hit the Post.
19:50 of 1st period - Shot by Joseph Cramarossa.
19:50 of 1st period - Goal by Joseph Cramarossa - Marlies : 1 - Admirals : 4.
19:50 of 1st period - Daniel Mannella enters game.
19:51 of 1st period - Oskar Steen wins face-off versus Max McCormick in neutral zone.
Goals for this period are 1 for Marlies vs 4 for Admirals.
Shots for this period are 14 for Marlies vs 13 for Admirals.

2nd period


0:01 of 2nd period - Oskar Steen wins face-off versus Cal O'Reilly in neutral zone.
0:06 of 2nd period - Icing by Cal O'Reilly.
0:07 of 2nd period - Cal O'Reilly wins face-off versus Oskar Steen in Marlies zone.
0:16 of 2nd period - Shot by Tim Schaller.
0:16 of 2nd period - Stopped by Michael McNiven without a rebound.
0:17 of 2nd period - Max McCormick wins face-off versus Kevin Stenlund in Admirals zone.
0:17 of 2nd period - Josh Wesley is hit by Cam Dineen.
0:20 of 2nd period - Icing by Kevin Stenlund.
0:21 of 2nd period - Cal O'Reilly wins face-off versus CJ Suess in Admirals zone.
0:33 of 2nd period - Cam Dineen is hit by Calvin De Haan.
0:34 of 2nd period - Cam Dineen from Admirals is injured at 0:34 of 2nd period (Sprained Left Ankle).
0:35 of 2nd period - Max McCormick wins face-off versus Oskar Steen in Marlies zone.
0:41 of 2nd period - Loui Eriksson is hit by Kristians Rubins and loses puck.
1:41 of 2nd period - Shot by Cal O'Reilly.
1:41 of 2nd period - Stopped by Michael McNiven without a rebound.
1:42 of 2nd period - Cal O'Reilly wins face-off versus Garrett Pilon in Admirals zone.
2:03 of 2nd period - Shot by Tim Schaller.
2:03 of 2nd period - Goal by Tim Schaller - Marlies : 2 - Admirals : 4.
2:04 of 2nd period - Kevin Stenlund wins face-off versus Victor Ejdsell in neutral zone.
2:04 of 2nd period - David Kampf is hit by Victor Ejdsell and loses puck.
2:11 of 2nd period - Shot by CJ Suess.
2:11 of 2nd period - Shot Blocked by Tyler Lewington.
2:13 of 2nd period - Shot by CJ Suess.
2:13 of 2nd period - Shot Misses the Net.
2:15 of 2nd period - Shot by Mike Reilly.
2:15 of 2nd period - Stopped by Daniel Mannella without a rebound.
2:16 of 2nd period - Oskar Steen wins face-off versus Cal O'Reilly in Marlies zone.
2:35 of 2nd period - Shot by Tim Schaller.
2:35 of 2nd period - Stopped by Michael McNiven with a rebound.
3:05 of 2nd period - Cal O'Reilly is hit by Kevin Stenlund and loses puck.
3:53 of 2nd period - Shot by Loui Eriksson.
3:53 of 2nd period - Shot Misses the Net.
4:00 of 2nd period - Max McCormick is hit by Jeremy Roy and loses puck.
4:25 of 2nd period - Shot by Mathias Brome .
4:25 of 2nd period - Shot Misses the Net.
4:27 of 2nd period - Shot by Yegor Rykov.
4:27 of 2nd period - Stopped by Michael McNiven without a rebound.
4:28 of 2nd period - Oskar Steen wins face-off versus Victor Ejdsell in Admirals zone.
4:42 of 2nd period - Off-side.
4:43 of 2nd period - Kevin Stenlund wins face-off versus Mitchell Heard in neutral zone.
4:47 of 2nd period - Kevin Stenlund is hit by Tyler Lewington and loses puck.
5:15 of 2nd period - CJ Suess is hit by Mitchell Heard.
6:36 of 2nd period - Shot by Paul Thompson.
6:36 of 2nd period - Stopped by Daniel Mannella without a rebound.
6:37 of 2nd period - Victor Ejdsell wins face-off versus Garrett Pilon in Marlies zone.
6:37 of 2nd period - Victor Ejdsell is hit by Joseph Cramarossa.
8:44 of 2nd period - Loui Eriksson is hit by William Bitten and loses puck.
8:52 of 2nd period - Max McCormick is hit by Jeremy Roy and loses puck.
8:59 of 2nd period - Shot by Max McCormick.
8:59 of 2nd period - Shot Misses the Net.
9:03 of 2nd period - Shot by Loui Eriksson.
9:03 of 2nd period - Stopped by Michael McNiven without a rebound.
9:04 of 2nd period - Kevin Stenlund wins face-off versus Mathias Brome in Admirals zone.
9:09 of 2nd period - Shot by CJ Suess.
9:09 of 2nd period - Stopped by Daniel Mannella without a rebound.
9:10 of 2nd period - Kevin Stenlund wins face-off versus Victor Ejdsell in Marlies zone.
9:53 of 2nd period - Nick Ebert is hit by Victor Ejdsell and loses puck.
10:04 of 2nd period - Yegor Rykov is hit by CJ Suess and loses puck.
10:20 of 2nd period - Minor Penalty to Nick Ebert for Holding.
10:21 of 2nd period - Cal O'Reilly wins face-off versus Oskar Steen in Admirals zone.
10:21 of 2nd period - Cal O'Reilly is hit by Kristians Rubins.
10:31 of 2nd period - Shot by Calvin De Haan.
10:31 of 2nd period - Stopped by Michael McNiven without a rebound.
10:32 of 2nd period - Max McCormick wins face-off versus Oskar Steen in Admirals zone.
10:41 of 2nd period - Shot by Kristian Vesalainen.
10:41 of 2nd period - Shot Hit the Post.
10:43 of 2nd period - Shot by Max McCormick.
10:43 of 2nd period - Shot Misses the Net.
10:45 of 2nd period - Shot by Kristian Vesalainen.
10:45 of 2nd period - Shot Misses the Net.
10:54 of 2nd period - Icing by Max McCormick.
10:55 of 2nd period - Oskar Steen wins face-off versus Max McCormick in Marlies zone.
10:59 of 2nd period - Icing by Kristian Vesalainen.
11:00 of 2nd period - Garrett Wilson wins face-off versus Max McCormick in Marlies zone.
11:42 of 2nd period - Off-side.
11:43 of 2nd period - Cal O'Reilly wins face-off versus William Bitten in neutral zone.
11:55 of 2nd period - Shot by Josh Wesley.
11:55 of 2nd period - Shot Blocked by Jeremy Roy.
11:57 of 2nd period - Shot by Cal O'Reilly.
11:57 of 2nd period - Stopped by Michael McNiven with a rebound.
11:59 of 2nd period - Shot by Tim Schaller.
11:59 of 2nd period - Shot Misses the Net.
12:38 of 2nd period - Garrett Pilon is hit by Yegor Rykov and loses puck.
13:38 of 2nd period - Oskar Steen is hit by Tyler Lewington and loses puck.
13:43 of 2nd period - Shot by Oskar Steen.
13:43 of 2nd period - Stopped by Daniel Mannella without a rebound.
13:44 of 2nd period - Kevin Stenlund wins face-off versus Cal O'Reilly in Marlies zone.
13:44 of 2nd period - Kevin Stenlund is hit by Calvin De Haan.
13:49 of 2nd period - Icing by Dominik Simon.
13:50 of 2nd period - Cal O'Reilly wins face-off versus Kevin Stenlund in Marlies zone.
13:57 of 2nd period - David Kampf is hit by Dominik Simon and loses puck.
14:07 of 2nd period - Cal O'Reilly is hit by Nick Ebert and loses puck.
14:18 of 2nd period - Shot by Tim Schaller.
14:18 of 2nd period - Stopped by Michael McNiven with a rebound.
14:39 of 2nd period - Icing by Cal O'Reilly.
14:40 of 2nd period - Oskar Steen wins face-off versus Cal O'Reilly in Marlies zone.
15:06 of 2nd period - Icing by Garrett Wilson.
15:07 of 2nd period - Oskar Steen wins face-off versus Max McCormick in Admirals zone.
15:15 of 2nd period - Off-side.
15:16 of 2nd period - Paul Thompson wins face-off versus Max McCormick in neutral zone.
15:26 of 2nd period - Kristian Vesalainen is hit by Mike Reilly and loses puck.
15:49 of 2nd period - Shot by Loui Eriksson.
15:49 of 2nd period - Shot Hit the Post.
15:53 of 2nd period - Shot by Kristian Vesalainen.
15:53 of 2nd period - Stopped by Michael McNiven without a rebound.
15:54 of 2nd period - Oskar Steen wins face-off versus Victor Ejdsell in Admirals zone.
15:58 of 2nd period - Off-side.
15:59 of 2nd period - Oskar Steen wins face-off versus Mitchell Heard in neutral zone.
16:02 of 2nd period - Mitchell Heard is hit by Garrett Wilson and loses puck.
16:40 of 2nd period - Guillaume Brisebois is hit by Calvin De Haan and loses puck.
17:01 of 2nd period - Shot by David Kampf.
17:01 of 2nd period - Stopped by Daniel Mannella without a rebound.
17:02 of 2nd period - Garrett Pilon wins face-off versus Max McCormick in Marlies zone.
17:03 of 2nd period - Shot by Mike Reilly.
17:03 of 2nd period - Stopped by Daniel Mannella without a rebound.
17:04 of 2nd period - Kevin Stenlund wins face-off versus Max McCormick in Marlies zone.
17:17 of 2nd period - Shot by Kevin Stenlund.
17:17 of 2nd period - Deflect By CJ Suess.
17:17 of 2nd period - Stopped by Daniel Mannella with a rebound.
18:39 of 2nd period - Victor Ejdsell is hit by Kristians Rubins and loses puck.
19:01 of 2nd period - Icing by Garrett Wilson.
19:02 of 2nd period - Oskar Steen wins face-off versus Cal O'Reilly in Admirals zone.
19:23 of 2nd period - Shot by Cal O'Reilly.
19:23 of 2nd period - Stopped by Michael McNiven with a rebound.
19:33 of 2nd period - Shot by Garrett Pilon.
19:33 of 2nd period - Stopped by Daniel Mannella with a rebound.
19:35 of 2nd period - Shot by Paul Thompson.
19:35 of 2nd period - Deflect By Joseph Cramarossa.
19:35 of 2nd period - Stopped by Daniel Mannella without a rebound.
19:36 of 2nd period - Cal O'Reilly wins face-off versus Kevin Stenlund in Marlies zone.
19:46 of 2nd period - Icing by CJ Suess.
19:47 of 2nd period - Kevin Stenlund wins face-off versus Max McCormick in Admirals zone.
19:47 of 2nd period - Kevin Stenlund is hit by Max McCormick.
Goals for this period are 1 for Marlies vs 0 for Admirals.
Shots for this period are 11 for Marlies vs 9 for Admirals.

3rd period


0:01 of 3rd period - Cal O'Reilly wins face-off versus Oskar Steen in neutral zone.
0:29 of 3rd period - Off-side.
0:30 of 3rd period - Kevin Stenlund wins face-off versus Max McCormick in neutral zone.
0:55 of 3rd period - Shot by CJ Suess.
0:55 of 3rd period - Shot Misses the Net.
0:57 of 3rd period - Shot by David Kampf.
0:57 of 3rd period - Stopped by Daniel Mannella with a rebound.
0:59 of 3rd period - Shot by David Kampf.
0:59 of 3rd period - Shot Blocked by Max McCormick.
1:07 of 3rd period - Shot by CJ Suess.
1:07 of 3rd period - Shot Misses the Net.
1:39 of 3rd period - Shot by Paul Thompson.
1:39 of 3rd period - Stopped by Daniel Mannella with a rebound.
1:41 of 3rd period - Shot by Garrett Pilon.
1:41 of 3rd period - Shot Hit the Post.
1:43 of 3rd period - Shot by Nick Ebert.
1:43 of 3rd period - Stopped by Daniel Mannella with a rebound.
1:45 of 3rd period - Shot by Nick Ebert.
1:45 of 3rd period - Shot Misses the Net.
1:47 of 3rd period - Shot by Garrett Pilon.
1:47 of 3rd period - Stopped by Daniel Mannella with a rebound.
1:49 of 3rd period - Shot by Nick Ebert.
1:49 of 3rd period - Stopped by Daniel Mannella without a rebound.
1:50 of 3rd period - Victor Ejdsell wins face-off versus Oskar Steen in Marlies zone.
2:01 of 3rd period - Shot by Mathias Brome .
2:01 of 3rd period - Shot Misses the Net.
2:03 of 3rd period - Shot by Victor Ejdsell.
2:03 of 3rd period - Stopped by Michael McNiven with a rebound.
2:23 of 3rd period - Shot by Mathias Brome .
2:23 of 3rd period - Shot Misses the Net.
2:25 of 3rd period - Shot by Mathias Brome .
2:25 of 3rd period - Stopped by Michael McNiven without a rebound.
2:26 of 3rd period - Kevin Stenlund wins face-off versus Dominik Simon in Admirals zone.
2:35 of 3rd period - Shot by Dominik Simon.
2:35 of 3rd period - Shot Misses the Net.
2:58 of 3rd period - Shot by David Kampf.
2:58 of 3rd period - Deflect By CJ Suess.
2:58 of 3rd period - Stopped by Daniel Mannella without a rebound.
2:59 of 3rd period - Garrett Pilon wins face-off versus Max McCormick in Marlies zone.
3:29 of 3rd period - Shot by Garrett Pilon.
3:29 of 3rd period - Shot Misses the Net.
4:22 of 3rd period - Dylan Blujus is hit by Mike Reilly and loses puck.
4:52 of 3rd period - Shot by Kevin Stenlund.
4:52 of 3rd period - Stopped by Daniel Mannella without a rebound.
4:53 of 3rd period - Mathias Brome wins face-off versus Garrett Pilon in Marlies zone.
5:32 of 3rd period - Shot by Victor Ejdsell.
5:32 of 3rd period - Stopped by Michael McNiven without a rebound.
5:33 of 3rd period - Kevin Stenlund wins face-off versus Mitchell Heard in Admirals zone.
5:50 of 3rd period - Shot by Cal O'Reilly.
5:50 of 3rd period - Stopped by Michael McNiven without a rebound.
5:51 of 3rd period - Oskar Steen wins face-off versus Max McCormick in Admirals zone.
6:00 of 3rd period - Shot by William Bitten.
6:00 of 3rd period - Stopped by Daniel Mannella without a rebound.
6:01 of 3rd period - Max McCormick wins face-off versus Oskar Steen in Marlies zone.
6:24 of 3rd period - Shot by Garrett Wilson.
6:24 of 3rd period - Goal by Garrett Wilson - Marlies : 2 - Admirals : 5.
6:25 of 3rd period - Cal O'Reilly wins face-off versus CJ Suess in neutral zone.
6:42 of 3rd period - David Kampf is hit by Ian McCoshen and loses puck.
6:43 of 3rd period - David Kampf from Admirals is injured at 6:43 of 3rd period (Broken Bone (Right Arm)).
6:44 of 3rd period - William Bitten wins face-off versus Max McCormick in Marlies zone.
6:51 of 3rd period - Shot by William Bitten.
6:51 of 3rd period - Shot Misses the Net.
6:58 of 3rd period - Loui Eriksson is hit by Garrett Wilson.
7:06 of 3rd period - Calvin De Haan is hit by Garrett Wilson.
7:14 of 3rd period - Minor Penalty to Kristians Rubins for High sticking.
7:15 of 3rd period - Oskar Steen wins face-off versus Dominik Simon in Admirals zone.
7:23 of 3rd period - Cal O'Reilly is hit by Mike Reilly and loses puck.
7:36 of 3rd period - Shot by Ian McCoshen.
7:36 of 3rd period - Shot Misses the Net.
7:38 of 3rd period - Shot by Dominik Simon.
7:38 of 3rd period - Shot Misses the Net.
7:40 of 3rd period - Shot by Dominik Simon.
7:40 of 3rd period - Shot Misses the Net.
7:46 of 3rd period - Shot by Cal O'Reilly.
7:46 of 3rd period - Shot Misses the Net.
7:48 of 3rd period - Shot by Josh Wesley.
7:48 of 3rd period - Shot Misses the Net.
7:50 of 3rd period - Shot by Dominik Simon.
7:50 of 3rd period - Deflect By Cal O'Reilly.
7:50 of 3rd period - Stopped by Michael McNiven with a rebound.
8:12 of 3rd period - Shot by Dylan Blujus.
8:12 of 3rd period - Shot Misses the Net.
9:02 of 3rd period - Shot by Cal O'Reilly.
9:02 of 3rd period - Shot Misses the Net.
9:22 of 3rd period - Shot by Garrett Pilon.
9:22 of 3rd period - Shot Misses the Net.
9:29 of 3rd period - Grant Besse is hit by Paul Thompson and loses puck.
9:35 of 3rd period - Victor Ejdsell is hit by Kristians Rubins and loses puck.
9:49 of 3rd period - Grant Besse is hit by Kristians Rubins and loses puck.
10:04 of 3rd period - Calvin De Haan is hit by Paul Thompson.
10:17 of 3rd period - Minor Penalty to Kristians Rubins for Delaying the game.
10:18 of 3rd period - Max McCormick wins face-off versus Oskar Steen in Admirals zone.
10:41 of 3rd period - Shot by Calvin De Haan.
10:41 of 3rd period - Stopped by Michael McNiven without a rebound.
10:42 of 3rd period - Oskar Steen wins face-off versus Dominik Simon in Admirals zone.
11:16 of 3rd period - Garrett Wilson is hit by Cal O'Reilly.
11:42 of 3rd period - Shot by Kristian Vesalainen.
11:42 of 3rd period - Shot Misses the Net.
11:44 of 3rd period - Shot by Max McCormick.
11:44 of 3rd period - Stopped by Michael McNiven without a rebound.
11:45 of 3rd period - Kevin Stenlund wins face-off versus Max McCormick in Admirals zone.
11:57 of 3rd period - Icing by Calvin De Haan.
11:58 of 3rd period - Max McCormick wins face-off versus Oskar Steen in Marlies zone.
12:46 of 3rd period - Shot by Paul Thompson.
12:46 of 3rd period - Shot Misses the Net.
13:12 of 3rd period - Shot by Dominic Turgeon.
13:12 of 3rd period - Stopped by Daniel Mannella without a rebound.
13:13 of 3rd period - Max McCormick wins face-off versus Oskar Steen in Marlies zone.
13:24 of 3rd period - Shot by Garrett Wilson.
13:24 of 3rd period - Shot Blocked by Ian McCoshen.
13:26 of 3rd period - Shot by Oskar Steen.
13:26 of 3rd period - Shot Blocked by Josh Wesley.
13:28 of 3rd period - Shot by Oskar Steen.
13:28 of 3rd period - Stopped by Daniel Mannella without a rebound.
13:29 of 3rd period - Dominik Simon wins face-off versus Kevin Stenlund in Marlies zone.
14:05 of 3rd period - Shot by Tim Schaller.
14:05 of 3rd period - Shot Blocked by Guillaume Brisebois.
14:07 of 3rd period - Shot by Tim Schaller.
14:07 of 3rd period - Deflect By Cal O'Reilly.
14:07 of 3rd period - Shot Misses the Net.
14:09 of 3rd period - Shot by Dominik Simon.
14:09 of 3rd period - Shot Misses the Net.
14:26 of 3rd period - Icing by Loui Eriksson.
14:27 of 3rd period - Oskar Steen wins face-off versus Kristian Vesalainen in Marlies zone.
14:34 of 3rd period - Shot by Kristian Vesalainen.
14:34 of 3rd period - Stopped by Michael McNiven with a rebound.
14:36 of 3rd period - Shot by Ian McCoshen.
14:36 of 3rd period - Deflect By Kristian Vesalainen.
14:36 of 3rd period - Stopped by Michael McNiven with a rebound.
14:38 of 3rd period - Shot by Kristian Vesalainen.
14:38 of 3rd period - Stopped by Michael McNiven with a rebound.
14:40 of 3rd period - Shot by Josh Wesley.
14:40 of 3rd period - Stopped by Michael McNiven without a rebound.
14:41 of 3rd period - Victor Ejdsell wins face-off versus Garrett Pilon in Admirals zone.
14:42 of 3rd period - Shot by Grant Besse.
14:42 of 3rd period - Stopped by Michael McNiven without a rebound.
14:43 of 3rd period - Max McCormick wins face-off versus Oskar Steen in Admirals zone.
14:54 of 3rd period - Shot by Garrett Wilson.
14:54 of 3rd period - Shot Misses the Net.
14:56 of 3rd period - Shot by Nick Ebert.
14:56 of 3rd period - Shot Misses the Net.
14:58 of 3rd period - Shot by William Bitten.
14:58 of 3rd period - Shot Misses the Net.
15:00 of 3rd period - Shot by Garrett Wilson.
15:00 of 3rd period - Shot Blocked by Ian McCoshen.
15:02 of 3rd period - Shot by Garrett Wilson.
15:02 of 3rd period - Stopped by Daniel Mannella with a rebound.
17:17 of 3rd period - Shot by CJ Suess.
17:17 of 3rd period - Shot Misses the Net.
18:05 of 3rd period - Shot by William Bitten.
18:05 of 3rd period - Deflect By Oskar Steen.
18:05 of 3rd period - Shot Misses the Net.
18:07 of 3rd period - Shot by Garrett Wilson.
18:07 of 3rd period - Stopped by Daniel Mannella with a rebound.
18:09 of 3rd period - Shot by William Bitten.
18:09 of 3rd period - Goal by William Bitten - Marlies : 2 - Admirals : 6.
18:10 of 3rd period - Kevin Stenlund wins face-off versus Mitchell Heard in neutral zone.
18:15 of 3rd period - Shot by CJ Suess.
18:15 of 3rd period - Shot Misses the Net.
18:17 of 3rd period - Shot by Jeremy Roy.
18:17 of 3rd period - Goal by Jeremy Roy - Marlies : 2 - Admirals : 7.
18:18 of 3rd period - Oskar Steen wins face-off versus Cal O'Reilly in neutral zone.
18:29 of 3rd period - Shot by Garrett Wilson.
18:29 of 3rd period - Stopped by Daniel Mannella with a rebound.
18:51 of 3rd period - Shot by Dominik Simon.
18:51 of 3rd period - Goal by Dominik Simon - Marlies : 3 - Admirals : 7.
18:52 of 3rd period - Kevin Stenlund wins face-off versus Victor Ejdsell in neutral zone.
19:13 of 3rd period - Shot by CJ Suess.
19:13 of 3rd period - Stopped by Daniel Mannella without a rebound.
19:14 of 3rd period - Max McCormick wins face-off versus Garrett Pilon in Marlies zone.
19:51 of 3rd period - Joseph Cramarossa is hit by Max McCormick and loses puck.
Goals for this period are 1 for Marlies vs 3 for Admirals.
Shots for this period are 13 for Marlies vs 17 for Admirals.